 Dungeon Crawl Stone Soup version 0.29-a0-284-gf9362112df (webtiles) character file.

Game seed: 14234196677570840651

8 Zonian the Chiller (level 2, -1/13 HPs)
             Began as a Vine Stalker Ice Elementalist on Mar 25, 2022.
             Was a Follower of Makhleb.
             Slain by a kobold
             ... wielding a +0 whip
              (4 damage)
             ... on level 1 of the Dungeon.
             The game lasted 00:00:49 (417 turns).

Zonian the Chiller (Vine Stalker Ice Elementalist)   Turns: 417, Time: 00:00:50

Health: -1/13      AC:  2    Str: 10    XL:     2   Next: 8%
Magic:  0/6        EV: 12    Int: 15    God:    Makhleb [*.....]
Gold:   18         SH:  0    Dex: 14    Spells: 4/5 levels left

rFire   . . .      SeeInvis .   (no weapon)
rCold   . . .      Faith    .   (no shield)
rNeg    . . .      Spirit   +   a - +0 robe
rPois   .          Reflect  .   (no helmet)
rElec   .          Harm     .   (no cloak)
rCorr   .          Rampage  .   (no gloves)
Will    .....                   (no boots)
Stlth   ++........              (no amulet)
HPRegen 0.04/turn               (no ring)
MPRegen 0.10/turn               (no ring)

@: very slightly contaminated
A: fangs 2, magic shield, antimagic bite, no potion heal 2
a: Renounce Religion


You were on level 1 of the Dungeon.
You worshipped Makhleb.
Makhleb was aware of your devotion.
You visited 1 branch of the dungeon, and saw 1 of its levels.

You collected 18 gold pieces.

Inventory:

Armour
 a - a +0 robe (worn)
Scrolls
 c - a scroll of identify {unknown}
Potions
 b - a potion of magic


   Skills:
 + Level 1.7 Dodging
 + Level 2.7 Stealth
 + Level 2.4 Spellcasting
 + Level 4.1 Ice Magic


You had 4 spell levels left.
You knew the following spells:

 Your Spells              Type           Power      Damage    Failure   Level
a - Freeze                Ice            56%        1d7       4%          1

Your spell library contained the following spells:

 Spells                   Type           Power      Damage    Failure   Level
 Frozen Ramparts          Ice            28%        1d4       12%         3
 Ozocubu's Armour         Ice            14%        N/A       12%         3
 Hailstorm                Conj/Ice       7%         3d4       67%         4


Dungeon Overview and Level Annotations

Branches:
Dungeon (1/15)

Altars:
Makhleb


Innate Abilities, Weirdness & Mutations

You have extremely sharp teeth.
When hurt, damage is shared between your health and your magic reserves.
Your bite disrupts and absorbs the magic of your enemies.
Potions cannot restore your health.


Message History

Things that are here:
a +0 dagger; a kobold corpse A kobold comes into view.
It is wielding a +0 whip.
Found a leather armour and 8 gold pieces.
Unknown command.
Found 14 gold pieces.
You see here 3 gold pieces.
The kobold shouts!
You barely miss the kobold. Your bite misses the kobold.
The kobold hits you with a +0 whip.
You closely miss the kobold. Your bite misses the kobold.
A hobgoblin comes into view.
The kobold hits you with a +0 whip.
You closely miss the kobold. The kobold hits you with a +0 whip.
You hit the kobold.
The kobold is moderately wounded.
The kobold hits you with a +0 whip.
Unknown command.
Casting: Freeze (safe; 4% risk of failure)
Confirm with . or Enter, or press ? or * to list all spells.
Aiming: Freeze (safe; 4% risk of failure)
Press: ? - help, Shift-Dir - straight line, f - kobold
Aim: a kobold, wielding a +0 whip (moderately wounded)
You miscast Freeze.
You are very lightly contaminated with residual magic.
Nothing appears to happen.
The kobold hits you with a +0 whip.
* * * LOW HITPOINT WARNING * * *
Casting: Freeze (safe; 4% risk of failure)
Confirm with . or Enter, or press ? or * to list all spells.
Aiming: Freeze (safe; 4% risk of failure)
Press: ? - help, Shift-Dir - straight line, f/p - kobold
Aim: a kobold, wielding a +0 whip (moderately wounded)
You freeze the kobold.
The kobold is severely wounded.
The hobgoblin hits you but does no damage.
The kobold completely misses you.
You hit the kobold but do no damage.
The kobold is severely wounded.
The hobgoblin misses you. The kobold hits you with a +0 whip.
You die...

≈≈PP#
#####.......#
#........# ≈≈≈≈#
............#
########## ≈≈≈≈#
#####.....[.#
≈≈P≈#
######.#####
≈P≈≈# #...[.....#
≈≈P≈# #.........#
≈≈≈P# #......$..#
. ≈≈P≈#
#.........###....
≈≈≈≈#
#........@g......
≈≈≈≈#
#........K.......
≈≈≈≈#
#.........$......
≈≈≈P#
#................
≈≈≈≈#
#.............$..
≈≈≈P#
#............#...
#####
##########......
......


You could see a hobgoblin and a kobold.

Vanquished Creatures
  A bat (D:1)
  2 endoplasms (D:1)
  A hobgoblin (D:1)
  A kobold (D:1)
  2 rats (D:1)
7 creatures vanquished.

Notes
Turn   | Place    | Note
-------+----------+-------------------------------------------
     0 | D:1      | Zonian the Vine Stalker Ice Elementalist began the quest
                  | for the Orb.
     0 | D:1      | Reached XP level 1. HP: 9/9 MP: 4/4
    28 | D:1      | Found a faded altar of an unknown god.
    44 | D:1      | Prayed at the altar of an unknown god.
    44 | D:1      | Became a worshipper of Makhleb the Destroyer
    44 | D:1      | Reached * piety under Makhleb
   380 | D:1      | Reached XP level 2. HP: 13/13 MP: 4/6
   417 | D:1      | Slain by a kobold

Illustrated notes

Levels and vault maps discovered:
D:1:      lightli_arrival_windingriver, layout_basic, basic_ecumenical_altar

Action                   || total
-------------------------++-------
Melee: Unarmed           ||    20
       Bite              ||     2
 Cast: Freeze            ||     6
 Stab: Sleeping          ||     2
Armor: Robe              ||     3
Dodge: Dodged            ||    17

Table legend: (Time is in decaauts)
 A = Elapsed time spent in this place.
 B = Non-inter-level travel time spent in this place.
 C = Inter-level travel time spent in this place.
 D = Time resting spent in this place.
 E = Time spent auto-exploring this place.
 F = Levels seen in this place.
 G = Mean time per level.
                   A        B        C        D        E       F      G
               +--------+--------+--------+--------+--------+-----+--------+
         Total |    418 |    418 |      0 |    216 |    100 |   1 |  418.0 |
       Dungeon |    418 |    418 |      0 |    216 |    100 |   1 |  418.0 |
               +--------+--------+--------+--------+--------+-----+--------+

Top non-repeatable levels by time:
     D:1: 418 daAuts
